 Dungeon Crawl Stone Soup version 0.30.1-1-g62c8e00024 (webtiles) character file.

Game seed: 9281820954346308180

1227 Dvallin the Chopper (level 8, -3/57 (64) HPs)
             Began as a Gnoll Wanderer on July 15, 2023.
             Was a Priest of Jiyva.
             Slain by a wight
             ... wielding a +0 battleaxe
              (11 damage)
             ... on level 6 of the Dungeon.
             The game lasted 00:11:36 (3937 turns).

Dvallin the Chopper (Gnoll Wanderer)                Turns: 3937, Time: 00:11:36

HP:   -3/57 (64)    AC:  8    Str: 11    XL:     8   Next: 48%
MP:   14/14         EV: 13    Int: 13    God:    Jiyva [***...]
Gold: 265           SH:  0    Dex: 13    Spells: 12/16 levels left

rFire   . . .        a - +0 war axe
rCold   + . .        (no shield)
rNeg    . . .        B - +3 leather armour {rPois}
rPois   +            b - +0 helmet
rElec   .            (no cloak)
rCorr   +            (no gloves)
SInv    .            g - +0 pair of boots
Will    .....        (no amulet)
Stlth   +++++        q - ring of wizardry
HPRegen 1.41/turn    D - ring of protection from cold
MPRegen 0.49/turn

%: wizardry (x1)
@: heavily drained
A: fangs 1, strong nose, distributed training, camouflage 3, jelly sensing items
a: Renounce Religion, Oozemancy


You were on level 6 of the Dungeon.
You worshipped Jiyva.
Jiyva was most pleased with you.
You visited 1 branch of the dungeon, and saw 6 of its levels.
You also visited: Sewer.

You collected 265 gold pieces.

Inventory:

Hand Weapons
 a - a +0 war axe (weapon)
 s - a +0 sling
 y - a +2 heavy hand axe
Missiles
 k - 2 throwing nets
Armour
 b - a +0 helmet (worn)
 f - a +0 ring mail
 g - a +0 pair of boots (worn)
 B - a +3 leather armour of poison resistance (worn)
Jewellery
 q - a ring of wizardry (left hand)
 D - a ring of protection from cold (right hand)
Wands
 o - a wand of charming (12)
 z - a wand of roots (12)
Scrolls
 e - 4 scrolls of identify {unknown}
 i - a scroll of teleportation {unknown}
 l - 2 scrolls of enchant weapon {unknown}
 n - a scroll of amnesia {unknown}
 r - 2 scrolls of brand weapon {unknown}
 u - 2 scrolls of magic mapping {unknown}
 A - 2 scrolls of enchant armour {unknown}
 C - a scroll of poison {unknown}
Potions
 c - a potion of lignification
 d - a potion of haste {unknown}
 h - 2 potions of heal wounds {unknown}
 j - 2 potions of curing {unknown}
 m - a potion of berserk rage {unknown}
 p - a potion of cancellation {unknown}
 t - a potion of flight {unknown}
 v - a potion of invisibility
 w - a potion of might {unknown}
 x - a potion of mutation {unknown}


   Skills:
 + Level 5.8 Fighting
 + Level 3.4 Short Blades
 + Level 3.4 Long Blades
 + Level 7.4 Axes
 + Level 3.4 Maces & Flails
 + Level 3.4 Polearms
 + Level 3.4 Staves
 + Level 3.4 Ranged Weapons
 + Level 3.4 Throwing
 + Level 4.3 Armour
 + Level 4.3 Dodging
 + Level 4.2 Stealth
 + Level 3.4 Shields
 + Level 3.4 Unarmed Combat
 + Level 4.5 Spellcasting
 + Level 2.8 Conjurations
 + Level 2.8 Hexes
 + Level 2.8 Summonings
 + Level 2.8 Necromancy
 + Level 2.8 Translocations
 + Level 2.8 Transmutations
 + Level 2.8 Fire Magic
 + Level 3.6 Ice Magic
 + Level 2.8 Air Magic
 + Level 2.8 Earth Magic
 + Level 2.8 Poison Magic
 + Level 3.8 Invocations
 + Level 3.4 Evocations


You had 12 spell levels left.
You knew the following spells:

 Your Spells              Type           Power      Damage    Failure   Level
a - Freeze                Ice            48%        1d6       2%          1
b - Ozocubu's Armour      Ice            12%        N/A       7%          3

Your spell library contained the following spells:

 Spells                   Type           Power      Damage    Failure   Level
 Ozocubu's Refrigeration  Ice            6%         4d8       100%        7


Dungeon Overview and Level Annotations

Branches:
Dungeon (6/15)              Sewer (visited)
 Temple: D:4-7

Altars:
Fedhas
Makhleb
Qazlal
Trog


Innate Abilities, Weirdness & Mutations

You have very sharp teeth.
Your uncanny sense of smell can sniff out nearby items.
Your experience applies equally to all skills.
Your skin perfectly mimics your surroundings (Stealth+++).
You have a small jelly attached to you that senses nearby items.


Message History

You barely miss the wight. The wight hits you with a +0 battleaxe!
You feel drained. The wight barely misses you.
You are too injured to fight recklessly!
You are too injured to fight recklessly!
You are too injured to fight recklessly!
You are too injured to fight recklessly!
You are too injured to fight recklessly!
You are too injured to fight recklessly!
You are too injured to fight recklessly!
You are too injured to fight recklessly!
You are too injured to fight recklessly!
You are too injured to fight recklessly!
You are too injured to fight recklessly!
You are too injured to fight recklessly!
You are too injured to fight recklessly!
You are too injured to fight recklessly!
You are too injured to fight recklessly!
You are too injured to fight recklessly!
You are too injured to fight recklessly!
Unknown command.
You are too injured to fight recklessly!
You are too injured to fight recklessly!
You are too injured to fight recklessly!
You closely miss the wight.
The wight is severely damaged.
You closely miss the wight. The wight closely misses you.
The wight barely misses you.
You hit the wight but do no damage.
The wight is severely damaged.
You closely miss the wight. The wight closely misses you.
The wight hits you with a +0 flail!
You feel drained. The wight misses you. The wight hits you with a +0 flail!
* * * LOW HITPOINT WARNING * * *
You feel drained.
* * * LOW HITPOINT WARNING * * *
The wight attacks as you move away! The wight hits you but does no damage.
The wight attacks as you move away! The wight hits you with a +0 battleaxe!
* * * LOW HITPOINT WARNING * * *
The wight attacks as you move away! The wight hits you with a +0 battleaxe!
You die...

......... .##.....
......... #.......<
........ ####.....
#.....# ##.... ....#
#)... ∆ #)z# ####.
#.###z######## ##
#.....z......# #
.........@####.#######
# ...(......#
#.......## ..........#
#######..###
...........
######...##
............
.....)......
.............
............
.........#..
####........
........#.. #........
#........


You could see 3 wights.

Vanquished Creatures
  Eustachio (D:5)
  A water moccasin (D:4)
  A phantom (D:4)
  A bullfrog (D:6)
  5 necrophages (D:4)
  A scorpion (D:6)
  2 wights (D:6)
  A howler monkey (D:6)
  2 jellies (Sewer)
  A centaur zombie (D:4)
  Robin (D:2)
  9 adders
  5 river rats
  An ufetubus (D:5)
  6 worms
  3 dart slugs
  7 orcs
  5 ball pythons
  9 endoplasms
  6 giant cockroaches (Sewer)
  14 goblins
  5 hobgoblins
  6 jackals
  2 kobolds
  3 quokkas
  2 bats
  A frilled lizard (Sewer)
  11 rats
112 creatures vanquished.

Vanquished Creatures (others)
  An adder (D:4)
  A worm (D:3)
  A bat (D:3)
  2 giant cockroaches (D:4)
  3 goblins
  3 hobgoblins
  2 kobolds (D:4)
  A ball python (D:3)
14 creatures vanquished.

Grand Total: 126 creatures vanquished

Notes
Turn   | Place    | Note
-------+----------+-------------------------------------------
     0 | D:1      | Dvallin the Gnoll Wanderer began the quest for the Orb.
     0 | D:1      | Dvallin set off with the following items: a +0 war axe, a
                  | +0 helmet, a potion of lignification, a +0 robe; and the
                  | following spell memorised: Freeze; and the following spells
                  | available to memorise: Ozocubu's Armour.
     0 | D:1      | Reached XP level 1. HP: 20/20 MP: 4/4
   113 | D:1      | Reached XP level 2. HP: 26/26 MP: 5/5
   599 | D:2      | Reached XP level 3. HP: 25/31 MP: 7/7
   681 | D:2      | Noticed Robin
   694 | D:2      | Reached skill level 1 in Invocations
   701 | D:2      | Reached skill level 1 in Short Blades
   701 | D:2      | Reached skill level 1 in Long Blades
   701 | D:2      | Reached skill level 1 in Maces & Flails
   701 | D:2      | Reached skill level 1 in Polearms
   701 | D:2      | Reached skill level 1 in Staves
   701 | D:2      | Reached skill level 1 in Ranged Weapons
   701 | D:2      | Reached skill level 1 in Throwing
   701 | D:2      | Reached skill level 1 in Shields
   701 | D:2      | Reached skill level 1 in Unarmed Combat
   701 | D:2      | Reached skill level 1 in Evocations
   703 | D:2      | Killed Robin
   704 | D:2      | Reached XP level 4. HP: 27/38 MP: 8/8
   881 | D:2      | Reached skill level 1 in Conjurations
   881 | D:2      | Reached skill level 1 in Hexes
   881 | D:2      | Reached skill level 1 in Summonings
   881 | D:2      | Reached skill level 1 in Necromancy
   881 | D:2      | Reached skill level 1 in Translocations
   881 | D:2      | Reached skill level 1 in Transmutations
   881 | D:2      | Reached skill level 1 in Fire Magic
   881 | D:2      | Reached skill level 1 in Air Magic
   881 | D:2      | Reached skill level 1 in Earth Magic
   881 | D:2      | Reached skill level 1 in Poison Magic
  1043 | D:3      | Learned a level 3 spell: Ozocubu's Armour
  1128 | D:3      | Found a bloodstained altar of Trog.
  1224 | D:3      | Reached XP level 5. HP: 23/43 MP: 9/9
  1242 | D:3      | Found a glowing drain.
  1250 | Sewer    | Entered a sewer
  1502 | Sewer    | Reached XP level 6. HP: 44/50 MP: 9/11
  1579 | Sewer    | Found a viscous altar of Jiyva.
  1591 | Sewer    | Became a worshipper of Jiyva Jias the Shapeless
  1807 | D:3      | Reached skill level 5 in Fighting
  1908 | D:3      | Found a burning altar of Makhleb.
  2307 | D:4      | Reached * piety under Jiyva
  2349 | D:4      | Noticed a water moccasin
  2360 | D:4      | Killed a water moccasin
  2524 | D:4      | Reached skill level 7 in Axes
  2524 | D:4      | Reached XP level 7. HP: 52/56 MP: 12/12
  2562 | D:4      | Reached ** piety under Jiyva
  2708 | D:4      | Found a blossoming altar of Fedhas.
  3191 | D:5      | Entered Level 5 of the Dungeon
  3220 | D:5      | Noticed Eustachio
  3328 | D:5      | Killed Eustachio
  3329 | D:5      | Reached XP level 8. HP: 63/63 MP: 14/14
  3423 | D:5      | Found a stormy altar of Qazlal.
  3524 | D:5      | Reached *** piety under Jiyva
  3737 | D:6      | Gained mutation: You have a small jelly attached to you
                  | that senses nearby items. [Jiyva's grace]
  3737 | D:6      | Gained mutation: Your skin changes colour to match your
                  | surroundings (Stealth+). [Jiyva's grace]
  3737 | D:6      | Gained mutation: Your skin blends seamlessly with your
                  | surroundings (Stealth++). [Jiyva's grace]
  3737 | D:6      | Gained mutation: Your skin perfectly mimics your
                  | surroundings (Stealth+++). [Jiyva's grace]
  3937 | D:6      | Slain by a wight

Illustrated notes

Levels and vault maps discovered:
D:1:      lemuel_arrival_funnel, layout_rooms, dreamdust_princess_bridge
D:2:      layout_rooms, corexii_item_surrounded_by_moat, minmay_split_cup_small,
          uniq_robin
D:3:      layout_loops_ring, nicolae_overflow_crystal_walls, bloody_makhleb,
          lightli_sewer_entry_pipes
D:4:      layout_basic, fedhas_altar_decomposition
D:5:      layout_rooms, lemuel_round_altar, uniq_eustachio
D:6:      kennysheep_kobold_camp, layout_rooms, minmay_misc_feat_roman,
          corexii_checkpoint_a, uniq_prince_ribbit1

Skill      XL: |  1  2  3  4  5  6  7 |
---------------+----------------------+-----
Ice Magic      | 2 3 |  3.6
Invocations    | 1 2 3 |  3.8
Short Blades   | 1 2 3 |  3.4
Long Blades    | 1 2 3 |  3.4
Maces & Flails | 1 2 3 |  3.4
Polearms       | 1 2 3 |  3.4
Staves         | 1 2 3 |  3.4
Ranged Weapons | 1 2 3 |  3.4
Throwing       | 1 2 3 |  3.4
Shields        | 1 2 3 |  3.4
Unarmed Combat | 1 2 3 |  3.4
Evocations     | 1 2 3 |  3.4
Spellcasting   | 3 4 |  4.5
Conjurations   | 1 2 |  2.8
Hexes          | 1 2 |  2.8
Summonings     | 1 2 |  2.8
Necromancy     | 1 2 |  2.8
Translocations | 1 2 |  2.8
Transmutations | 1 2 |  2.8
Fire Magic     | 1 2 |  2.8
Air Magic      | 1 2 |  2.8
Earth Magic    | 1 2 |  2.8
Poison Magic   | 1 2 |  2.8
Armour         | 3 4 |  4.3
Dodging        | 3 4 |  4.3
Stealth        | 3 4 |  4.2
Fighting       | 5 |  5.8
Axes           | 7 |  7.4

Action                     |  1- 3 |  4- 6 |  7- 9 || total
---------------------------+-------+-------+-------++-------
  Melee: War axe           |    62 |   198 |    57 ||   317
         Bite              |     4 |    16 |    18 ||    38
         Punch             |       |     3 |     3 ||     6
         Hand axe          |       |    13 |   106 ||   119
   Fire: Sling             |       |    58 |    24 ||    82
   Stab: Sleeping          |       |     1 |     5 ||     6
 Armour: Ring mail         |    29 |    91 |   111 ||   231
         Leather armour    |       |       |     8 ||     8
  Dodge: Dodged            |    29 |   145 |   149 ||   323
